 Dungeon Crawl Stone Soup version 0.28.0-49-g6dfe1f597d (webtiles) character file.

Game seed: 5225605494969948423

390 Holzbalken the Cudgeller (level 6, 0/44 HPs)
             Began as a Demonspawn Gladiator on May 19, 2022.
             Killed by nerve-wracking pain
             ... invoked by an orc priest
              (10 damage)
             ... on level 4 of the Dungeon.
             The game lasted 00:09:28 (4021 turns).

Holzbalken the Cudgeller (Demonspawn Gladiator)     Turns: 4021, Time: 00:09:28

Health: 0/44       AC: 17    Str: 16    XL:     6   Next: 50%
Magic:  6/6        EV:  5    Int:  9    God:
Gold:   189        SH:  9    Dex: 15    Spells: 5/5 levels left

rFire   . . .      SeeInvis .   a - +0 flail
rCold   . . .      Faith    .   m - +0 kite shield
rNeg    . . .      Spirit   .   g - +0 chain mail
rPois   .          Reflect  .   (helmet restricted)
rElec   .          Harm     .   (no cloak)
rCorr   .          Rampage  .   (no gloves)
Will    .....                   (no boots)
Stlth   ..........              (no amulet)
HPRegen 0.14/turn               u - ring of wizardry
MPRegen 0.10/turn               (no ring)

@: sanguine armoured
A: antennae 1, spiny 1, sanguine armour 2
a: no special abilities


You were on level 4 of the Dungeon.
You visited 1 branch of the dungeon, and saw 4 of its levels.

You collected 189 gold pieces.

Inventory:

Hand Weapons
 a - a +0 flail (weapon)
Missiles
 d - 3 throwing nets (quivered)
Armour
 b - a +0 leather armour
 c - a +0 helmet
 g - a +0 chain mail (worn)
 m - a +0 kite shield (worn)
 o - a +0 ring mail
Jewellery
 u - a ring of wizardry (left hand)
Wands
 t - a wand of acid (6)
Scrolls
 i - a scroll of enchant weapon {unknown}
 j - 4 scrolls of identify {unknown}
 k - a scroll of teleportation {unknown}
 l - a scroll of noise {unknown}
 p - 2 scrolls of holy word {unknown}
 r - a scroll of magic mapping {unknown}
 v - a scroll of blinking {unknown}
Potions
 e - a potion of ambrosia {unknown}
 f - a potion of invisibility {unknown}
 h - 2 potions of curing {unknown}
 n - a potion of lignification {unknown}
 q - a potion of magic {unknown}
 s - a potion of cancellation {unknown}


   Skills:
 - Level 2.0 Fighting
 * Level 5.9 Maces & Flails
 - Level 1.7 Throwing
 - Level 2.6 Dodging
 + Level 2.9 Shields


You had 5 spell levels left.
You didn't know any spells.
Your spell library contained the following spells:

 Spells                   Type           Power      Damage    Failure   Level
 Animate Skeleton         Necr           0%         N/A       100%        1
 Apportation              Tloc           0%         N/A       100%        1
 Beastly Appendage        Tmut           0%         N/A       100%        1
 Summon Small Mammal      Summ           0%         N/A       100%        1
 Wereblood                Tmut           0%         N/A       100%        2
 Spider Form              Tmut/Pois      0%         N/A       100%        3


Dungeon Overview and Level Annotations

Branches:
Dungeon (4/15)
 Temple: D:4-7

Altars:
Uskayaw


Innate Abilities, Weirdness & Mutations

You have a pair of small antennae on your head.
You are partially covered in sharp spines.
When seriously injured, your blood forms thick armour. (AC +9)


Message History

Something tries to affect you, but you resist.
The orc priest calls upon Beogh to heal the orc priest.
The orc priest is healed somewhat.
You closely miss the orc priest.
The orc priest is severely wounded.
The orc priest hits you but does no damage.
The orc priest closely misses you.
The orc priest is struck by your spines.
The orc priest hits you but does no damage.
The orc priest mumbles some strange prayers to Beogh against you.
Pain shoots through your body!
* * * LOW HITPOINT WARNING * * *
You closely miss the orc priest.
The orc priest is lightly wounded.
The orc priest casts a cantrip, but nothing happens.
You're too confused to move!
The orc priest completely misses you.
The orc priest is struck by your spines.
The orc priest hits you but does no damage.
You closely miss the orc priest.
The orc priest is almost dead.
You feel less confused.
You hear some strange, mumbled words.
A magic dart appears from out of thin air!
The magic dart hits you but does no damage.
The orc priest hits you but does no damage.
The orc priest calls upon Beogh to heal the orc priest.
The orc priest is healed somewhat.
You block something's attack.
You hit the orc priest.
The orc priest is almost dead.
You block the orc priest's attack. The orc priest barely misses you.
Something hits you.
* * * LOW HITPOINT WARNING * * *
Something freezes you.
* * * LOW HITPOINT WARNING * * *
The orc priest hits you but does no damage.
You hit the orc priest.
The orc priest is almost dead.
The orc priest calls down the wrath of Beogh upon you.
Pain shoots through your body!
You die...

#..#
###..#####.....##
#..#
#....#.........#
#..#
...............#
....
...##........#..#
##.... ###
##....####...#
....... #...##
##..# ..#...
##..# #..# ###
#..# #..# # #@o#
#o{# #..).......
...!........#
...........####
..........##
..........#
.######..## ##.#


You could see 2 orc priests.

Vanquished Creatures
  Sigmund (D:3)
  A phantom (D:4)
  A hound (D:4)
  An orc wizard (D:3)
  3 adders
  2 dart slugs
  10 orcs
  4 ball pythons
  6 bats
  7 endoplasms
  3 giant cockroaches
  5 goblins
  2 hobgoblins
  6 kobolds
  3 quokkas
  3 frilled lizards
  7 rats
65 creatures vanquished.

Notes
Turn   | Place    | Note
-------+----------+-------------------------------------------
     0 | D:1      | Holzbalken the Demonspawn Gladiator began the quest for the
                  | Orb.
     0 | D:1      | Reached XP level 1. HP: 16/16 MP: 1/1
     2 | D:1      | Noticed an octopode
     2 | D:1      | Noticed an elf
     4 | D:1      | Noticed a formicid
     4 | D:1      | Noticed a felid
     6 | D:1      | Noticed a demigod
     8 | D:1      | Noticed a gargoyle
     8 | D:1      | Noticed a naga
    10 | D:1      | Noticed a merfolk
    12 | D:1      | Noticed a spriggan
    14 | D:1      | Noticed a demonspawn
    14 | D:1      | Noticed a troll
    16 | D:1      | Noticed a human
    16 | D:1      | Noticed a vampire
    18 | D:1      | Noticed a minotaur
    18 | D:1      | Noticed a ghoul
    20 | D:1      | Noticed a draconian
    20 | D:1      | Noticed a vine stalker
    22 | D:1      | Noticed a tengu
    22 | D:1      | Noticed an ogre
    24 | D:1      | Noticed a dwarf
   189 | D:1      | Found a faded altar of an unknown god.
   193 | D:1      | Reached skill level 3 in Maces & Flails
   454 | D:1      | Gained mutation: When seriously injured, your blood forms
                  | armour. (AC +9) [demonic ancestry]
   454 | D:1      | Reached XP level 2. HP: 22/22 MP: 2/2
  1198 | D:2      | Gained mutation: You have a pair of small antennae on your
                  | head. [demonic ancestry]
  1198 | D:2      | Reached XP level 3. HP: 8/27 MP: 3/3
  1820 | D:2      | Reached skill level 4 in Maces & Flails
  2285 | D:3      | Reached skill level 1 in Shields
  2285 | D:3      | Gained mutation: When seriously injured, your blood forms
                  | thick armour. (AC +9) [demonic ancestry]
  2285 | D:3      | Reached XP level 4. HP: 25/33 MP: 4/4
  2417 | D:3      | Noticed Sigmund
  2454 | D:3      | Killed Sigmund
  2455 | D:3      | Reached skill level 5 in Maces & Flails
  2455 | D:3      | Reached XP level 5. HP: 9/38 MP: 5/5
  2834 | D:3      | Gained mutation: You are partially covered in sharp spines.
                  | [demonic ancestry]
  2834 | D:3      | Reached XP level 6. HP: 36/44 MP: 6/6
  3549 | D:4      | Found a hide-covered altar of Uskayaw.
  4021 | D:4      | Killed from afar by an orc priest

Illustrated notes

Levels and vault maps discovered:
D:1:      kb_arrival_jail, layout_loops_ring, hellmonk_ecumenical_altar_blasted
D:2:      layout_loops_ring, kennysheep_generic_room_8
D:3:      layout_rooms, serial_park_tiny_2, eino_tiny_chamber, feat_on_display,
          uniq_sigmund
D:4:      layout_layer_cave, mainiacjoe_overflow_alcove_4,
          mainiacjoe_overflow_small_starburst

Skill      XL: |  1  2  3  4 |
---------------+-------------+-----
Maces & Flails | 3 4 5 |  5.9
Shields        | 1 2 |  2.9
Fighting       | |  2.0
Throwing       | |  1.7
Dodging        | |  2.6

Action                   |  1- 3 |  4- 6 || total
-------------------------+-------+-------++-------
Melee: Flail             |   127 |    95 ||   222
       Punch             |     1 |       ||     1
Armor: Leather armour    |    12 |       ||    12
       Chain mail        |    78 |    52 ||   130
Dodge: Dodged            |    45 |    16 ||    61
Block: Kite shield       |    33 |    48 ||    81
